 Dungeon Crawl Stone Soup version 0.23.2-1-ga50397a (webtiles) character file.

Game seed: 11235564048838482729

4945 shadizar the Fighter (level 10, -2/64 HPs)
             Began as a Gargoyle Fighter on May 11, 2019.
             Was a Believer of the Shining One.
             Slain by an orc
             ... wielding a +0 halberd
              (4 damage)
             ... in a bailey.
             The game lasted 00:15:30 (6532 turns).

shadizar the Fighter (Gargoyle Fighter)             Turns: 6532, Time: 00:15:31

Health: -2/64      AC: 43    Str: 22    XL:     10   Next: 52%
Magic:  10/10      EV:  8    Int:  6    God:    the Shining One [**....]
Gold:   411        SH: 12    Dex: 17    Spells: 9/9 levels left

rFire    . . .     SeeInvis +   H - +2 flail (protect)
rCold    . . .     Gourm    .   c - +0 shield
rNeg     + + .     Faith    .   C - +6 plate armour "Wuol" {+Inv MR++ Int-4 Dex+8}
rPois    ∞         Spirit   .   A - +2 helmet
rElec    +         Reflect  .   y - +0 cloak
rCorr    .         Harm     .   t - +2 pair of gloves
MR       ++...                  D - +0 pair of boots
Stlth    ..........             (no amulet)
HPRegen  0.20/turn              v - ring of see invisible
MPRegen  0.12/turn              (no ring)

@: protection aura, glowing
A: negative energy resistance 1, electricity resistance, unbreathing,
petrification resistance, rot immunity, AC +7
a: Divine Shield, Renounce Religion, Evoke Invisibility


You were in a bailey.
You worshipped the Shining One.
The Shining One was pleased with you.
You were not hungry.

You visited 2 branches of the dungeon, and saw 10 of its levels.
You also visited: Bailey.

You collected 699 gold pieces.
You spent 288 gold pieces at shops.

Inventory:

Hand Weapons
 b - the cursed +0 hunting sling of the Foremost Spirits {venom, *Slow Str-2 Int+6 Stlth+, unknown}
   (You found it on level 7 of the Dungeon)

   It poisons the ammo it fires.
   It affects your strength (-2).
   It affects your intelligence (+6).
   It may slow you when you take damage.
   It makes you more stealthy.
   It has a curse placed upon it.
 H - a +2 flail of protection (weapon)
 J - a +1 whip of flaming
Missiles
 G - 32 sling bullets
Armour
 c - a +0 shield (worn)
 t - a +2 pair of gloves (worn)
 y - a +0 cloak (worn)
 A - a +2 helmet (worn)
 C - the +6 plate armour "Wuol" (worn) {+Inv MR++ Int-4 Dex+8}
   (You found it on level 4 of the Dungeon)

   It affects your intelligence (-4).
   It affects your dexterity (+8).
   It affects your resistance to hostile enchantments.
   It lets you turn invisible.
 D - a +0 pair of boots (worn)
Jewellery
 i - an uncursed amulet of the gourmand {unknown}
 o - an uncursed ring of flight
 v - a ring of see invisible (left hand)
Wands
 u - a wand of scattershot (6)
 F - a wand of polymorph (8)
Scrolls
 g - 3 scrolls of fog {unknown}
 j - 7 scrolls of identify {unknown}
 l - 2 scrolls of enchant weapon {unknown}
 m - 3 scrolls of remove curse
 p - 5 scrolls of teleportation {unknown}
 r - a scroll of blinking {unknown}
 s - a scroll of random uselessness {unknown}
 x - a scroll of noise {unknown}
 E - 2 scrolls of fear {unknown}
 K - a scroll of amnesia {unknown}
Potions
 a - a potion of agility {unknown}
 e - a potion of flight {unknown}
 k - 3 potions of degeneration {unknown}
 n - 2 potions of lignification {unknown}
 q - 4 potions of ambrosia {unknown}
 w - a potion of resistance {unknown}
 z - a potion of brilliance {unknown}
 B - a potion of berserk rage {unknown}
Comestibles
 f - 14 rations
 h - 5 chunks of flesh


   Skills:
 + Level 8.1 Fighting
 + Level 7.0 Maces & Flails
 + Level 8.1 Armour
 + Level 5.4 Dodging
 + Level 8.1 Shields
 + Level 1.2 Invocations
 + Level 1.0 Evocations


You had 9 spell levels left.
You didn't know any spells.
Your spell library contained the following spells:

 Spells                   Type           Power        Failure   Level  Hunger
 Confusing Touch          Hex            #.....       100%        1    ##.....
 Confuse                  Hex            #.......     100%        3    ####...
 Gell's Gravitas          Tloc           #.........   100%        3    ####...
 Petrify                  Tmut/Erth      #.......     100%        4    #####..
 Metabolic Englaciation   Hex/Ice        #.........   100%        5    ######.
 Yara's Violent Unravell  Hex/Tmut       #.........   100%        5    ######.


Dungeon Overview and Level Annotations

Branches:
Dungeon (9/15)             Temple (1/1) D:5
   Lair: D:8-11         Orc: D:9-12

Altars:
Ashenzari
Cheibriados
Dithmenos
Elyvilon
Fedhas
Gozag
Hepliaklqana
Kikubaaqudgha
Makhleb
Nemelex Xobeh
Okawaru
Qazlal
Ru
Sif Muna
Trog
Uskayaw
Vehumet
Wu Jian
Xom
Yredelemnul
Zin
The Shining One

Shops:
D:6 [   D:7 [

Annotations:
D:2 exclusion: oklob plant


Innate Abilities, Weirdness & Mutations

You are resistant to torment.
Your stone body is resilient. (AC +7)
You are immune to poison.
You resist negative energy. (rN+)
You are resistant to electric shocks. (rElec)
You can survive without breathing.
You are immune to petrification.
You are immune to rotting.


Message History

You block the orc's attack.
The orc warrior hits you with a +0 glaive.
* * * LOW HITPOINT WARNING * * *
The orc hits you but does no damage.
You thump the orc warrior!
The orc warrior is moderately wounded.
The orc misses you. You block the orc warrior's attack.
The orc hits you but does no damage.
You sock the orc warrior!
The orc warrior is almost dead.
The orc hits you with a +0 halberd.
* * * LOW HITPOINT WARNING * * *
The orc completely misses you.
The orc warrior hits you but does no damage.
You hit the orc warrior.
The orc warrior is almost dead.
The orc hits you but does no damage. The orc barely misses you.
The orc warrior hits you but does no damage.
The orc barely misses you. The orc hits you with a +0 halberd.
You die...

#.......#
#.)...#
##)##
#...#
#.).#
#...#
#.oo#
###'###
##.o@).##
#.......#
#.......#
#.......#
#.......#
#.......#
#)))....#
#).)....#
#))))...#


You could see an orc warrior and 2 orcs.

Vanquished Creatures
  A two-headed ogre (D:9)
  Pikel (D:8)
  Joseph (D:7)
  A hungry ghost (D:7)
  Edmund (D:5)
  An acid dragon (D:7)
  Duvessa (D:4)
  An ice beast (D:9)
  8 orc warriors
  2 phantoms
  A centaur (D:7)
  A big kobold (D:7)
  2 bullfrogs
  Dowan (D:4)
  2 scorpions
  A wyvern skeleton (D:7)
  5 killer bees (D:8)
  3 howler monkeys
  5 crimson imps
  2 centaur zombies
  5 hounds
  3 orc priests
  Natasha (twice) (D:2)
  5 iguanas
  5 orc wizards
  3 worker ants
  A hound skeleton (D:8)
  A gnoll (D:4)
  12 adders
  4 shadow imps
  2 oozes
  An adder zombie (D:5)
  2 adder skeletons (D:4)
  4 worms
  6 dart slugs
  8 leopard geckos
  40 orcs
  3 ball pythons
  3 giant cockroaches
  13 goblins
  7 hobgoblins
  14 jackals
  3 quokkas
  5 bats
  6 frilled lizards
  13 kobolds
  9 rats
  2 plants (D:2)
223 creatures vanquished.

Vanquished Creatures (others)
  2 slaves (D:8)
  An ogre (D:8)
  A bullfrog skeleton (D:8)
  An adder (D:8)
  A shadow imp (D:8)
  An orc (D:8)
7 creatures vanquished.

Grand Total: 230 creatures vanquished

Notes
Turn   | Place    | Note
-------+----------+-------------------------------------------
     0 | D:1      | shadizar the Gargoyle Fighter began the quest for the Orb.
     0 | D:1      | Reached XP level 1. HP: 14/14 MP: 1/1
    43 | D:1      | Reached XP level 2. HP: 17/19 MP: 2/2
   269 | D:1      | Reached XP level 3. HP: 14/23 MP: 3/3
   746 | D:2      | Reached skill level 1 in Dodging
   820 | D:2      | Reached XP level 4. HP: 25/29 MP: 4/4
   957 | D:2      | Found a snail-covered altar of Cheibriados.
   958 | D:2      | Found a shattered altar of Ashenzari.
   962 | D:2      | Found an opulent altar of Gozag.
   962 | D:2      | Found a basalt altar of Yredelemnul.
   966 | D:2      | Noticed Natasha
   971 | D:2      | Found a shimmering altar of Xom.
   971 | D:2      | Found a sacrificial altar of Ru.
   971 | D:2      | Found a burning altar of Makhleb.
   980 | D:2      | Killed Natasha
  1023 | D:2      | Found a blossoming altar of Fedhas.
  1034 | D:2      | Noticed an oklob plant
  1170 | D:2      | Noticed Natasha
  1182 | D:2      | Killed Natasha
  1182 | D:2      | Reached XP level 5. HP: 11/33 MP: 5/5
  2077 | D:4      | Reached XP level 6. HP: 33/39 MP: 6/6
  2357 | D:4      | Noticed a phantom
  2452 | D:4      | Reached XP level 7. HP: 40/44 MP: 7/7
  2501 | D:4      | Reached skill level 5 in Fighting
  2504 | D:4      | Reached skill level 5 in Armour
  2754 | D:4      | Got a brightly glowing plate armour
  2826 | D:4      | Identified the +6 plate armour "Wuol" {+Inv MR++ Int-4
                  | Dex+8} (You found it on level 4 of the Dungeon)
  2849 | D:5      | Entered Level 5 of the Dungeon
  2849 | D:5      | Noticed Duvessa
  2849 | D:5      | Noticed Dowan
  2894 | D:4      | Killed Duvessa
  2894 | D:4      | Reached skill level 5 in Shields
  2919 | D:4      | Killed Dowan
  3089 | D:5      | Found a staircase to the Ecumenical Temple.
  3095 | Temple   | Entered the Ecumenical Temple
  3135 | Temple   | Became a worshipper of the Shining One
  3403 | D:5      | Noticed Edmund
  3652 | D:6      | Found Ixorag's Antique Armour Boutique.
  3656 | D:6      | Bought a runed helmet for 180 gold pieces
  3663 | D:6      | Bought a pair of boots for 108 gold pieces
  3735 | D:6      | Reached XP level 8. HP: 50/50 MP: 8/8
  3745 | D:6      | Found an iron altar of Okawaru.
  4127 | D:7      | Got a pitted hunting sling
  4180 | D:7      | Reached * piety under the Shining One
  4243 | D:7      | Reached skill level 5 in Maces & Flails
  4300 | D:7      | Noticed Joseph
  4332 | D:7      | Killed Joseph
  4332 | D:7      | Reached XP level 9. HP: 49/56 MP: 9/9
  4380 | D:7      | Found Izxaclat's Armour Shop.
  4530 | D:7      | Found an ancient bone altar of Kikubaaqudgha.
  4876 | D:5      | Found a hide-covered altar of Uskayaw.
  4876 | D:5      | Found a bloodstained altar of Trog.
  5055 | D:5      | Killed Edmund
  5387 | D:8      | Noticed Pikel
  5400 | D:8      | Killed Pikel
  5815 | D:8      | Reached ** piety under the Shining One
  5819 | D:8      | Reached XP level 10. HP: 58/63 MP: 10/10
  5868 | D:8      | Reached skill level 5 in Dodging
  5931 | D:8      | Found a snail-covered altar of Cheibriados.
  5937 | D:8      | Found a white marble altar of Elyvilon.
  6274 | D:9      | Noticed a two-headed ogre
  6294 | D:9      | Killed a two-headed ogre
  6306 | D:9      | Found a flagged portal.
  6362 | Bailey   | Entered a bailey
  6490 | Bailey   | Reached skill level 1 in Invocations
  6517 | Bailey   | Reached skill level 1 in Evocations
  6530 | Bailey   | HP: 1/64 [orc/+0 halberd (6)]
  6532 | Bailey   | Slain by an orc

Skill      XL: |  1  2  3  4  5  6  7  8  9 10 |
---------------+-------------------------------+-----
Dodging        | 1 2 3 4 5 |  5.4
Fighting       | 4 5 6 7 8 |  8.1
Armour         | 4 5 6 7 8 |  8.1
Shields        | 4 5 6 7 8 |  8.1
Maces & Flails | 3 4 5 6 7 |  7.0
Invocations    | 1 |  1.2
Evocations     | 1 |  1.0

Action                   |  1- 3 |  4- 6 |  7- 9 | 10-12 || total
-------------------------+-------+-------+-------+-------++-------
Melee: Flail             |   108 |   377 |   422 |   129 ||  1036
Invok: Divine Shield     |       |       |       |     2 ||     2
Evoke: Wand              |       |       |       |     1 ||     1
  Use: Potion            |       |       |     3 |     1 ||     4
       Scroll            |       |       |     1 |     1 ||     2
  Eat: Chunk             |       |     6 |    11 |     3 ||    20
       Ration            |       |       |     1 |       ||     1
Armor: Scale mail        |    57 |   139 |       |       ||   196
       Plate armour      |       |   106 |   280 |   148 ||   534
Dodge: Dodged            |    40 |    95 |    83 |    89 ||   307
Block: Shield            |    69 |   206 |   233 |   223 ||   731
